 Dungeon Crawl Stone Soup version 0.29.0-4-gdea44cf6ec (webtiles) character file.

Game seed: 15723003675779454032

189806 qw the Wrestler (level 17, -8/166 HPs)
             Began as a Troll Cinder Acolyte on Sept 2, 2022.
             Was a High Priest of Okawaru.
             Mangled by a naga warrior
             ... wielding a +0 long sword
              (20 damage)
             ... on level 4 of the Snake Pit.
             The game lasted 00:16:41 (29098 turns).

qw the Wrestler (Troll Cinder Acolyte)             Turns: 29098, Time: 00:16:42

Health: -8/166     AC: 28    Str: 45    XL:     17   Next: 96%
Magic:  23/23      EV:  7    Int:  4    God:    Okawaru [*****.]
Gold:   786        SH: 20    Dex:  7    Spells: 18/18 levels left

rFire   . . .      SeeInvis +     - Unarmed
rCold   . . .      Faith    .   x - +0 tower shield {AC+3}
rNeg    . . .      Spirit   .   o - +5 steam dragon scales
rPois   .          Reflect  .   s - +2 hat {SInv}
rElec   .          Harm     .   k - +0 cloak
rCorr   .          Rampage  .   (gloves unavailable)
Will    +++..                   (boots unavailable)
Stlth   ++........              u - amulet "Weweec" {Acrobat +Inv Str+8 Int-4}
HPRegen 1.17/turn               e - ring of the Duchess {Will++ AC+4 Str-3 Dex+4 Slay+3}
MPRegen 0.18/turn               p - +4 ring of protection

@: lethally poisoned (-8 -> -17), about to teleport, heroic, weakened, slowed,
constricted, very slow
A: large, unfitting armour, claws 3, regeneration 1, shaggy fur 1, tough skin 1,
talons 1, strong 2
a: Renounce Religion, Evoke Invisibility, Heroism, Finesse, Duel


You were on level 4 of the Snake Pit.
You worshipped Okawaru.
Okawaru was extremely pleased with you.
You visited 6 branches of the dungeon, and saw 30 of its levels.

You collected 2514 gold pieces.
You spent 1728 gold pieces at shops.


Innate Abilities, Weirdness & Mutations

You are too large for most types of armour.
You have claws for hands.
Your natural rate of healing is unusually fast.
You are covered in fur. (AC +1)
You have tough skin. (AC +1)
You have sharp toenails.
Your muscles are very strong. (Str +8, Int/Dex -2)


   Skills:
 - Level 10.0(15.0) Fighting
 - Level 9.0(14.0) Throwing
 - Level 3.0(8.0) Armour
 - Level 3.0(8.0) Dodging
 + Level 16.4(21.4) Shields
 - Level 21.0(26.0) Unarmed Combat
 - Level 1.0 Spellcasting
 - Level 2.1 Fire Magic
 - Level 10.0 Invocations


You had 18 spell levels left.
You didn't know any spells.
Your spell library contained the following spells:

 Spells                   Type           Power      Damage    Failure   Level
 Scorch                   Fire           2%         2d5       45%         2

Inventory:

Missiles
 b - 26 boomerangs
 h - 2 silver javelins
 m - 40 large rocks (quivered)
 q - 2 javelins
 t - 3 boomerangs of dispersal
Armour
 k - a +0 cloak (worn)
 o - +5 steam dragon scales (worn)
 r - a +0 robe of resistance
 s - a +2 hat of see invisible (worn)
 v - the +0 hat of Furreycs {Slay+3}
   (Okawaru gifted it to you on level 2 of the Snake Pit)

   Slay:      It affects your accuracy & damage with ranged weapons and melee
   (+3).
 x - a +0 tower shield of protection (worn)
 y - the +10 tower shield of Ignorance {rN+ Int-4}
   (Okawaru gifted it to you on level 3 of the Snake Pit)

   Int:       It affects your intelligence (-4).
   rN:        It protects you from negative energy.
Jewellery
 e - the ring of the Duchess (left claw) {Will++ AC+4 Str-3 Dex+4 Slay+3}
   (You found it on level 3 of the Dungeon)

   [ring of protection]

   AC:        It affects your AC (+4).
   Str:       It affects your strength (-3).
   Dex:       It affects your dexterity (+4).
   Slay:      It affects your accuracy & damage with ranged weapons and melee
   (+3).
   Will:      It greatly increases your willpower.
 p - a +4 ring of protection (right claw)
 u - the amulet "Weweec" (around neck) {Acrobat +Inv Str+8 Int-4}
   (You bought it in a shop on level 2 of the Orcish Mines)

   [amulet of the acrobat]

   It increases your evasion while moving and waiting.
   Str:       It affects your strength (+8).
   Int:       It affects your intelligence (-4).
   +Inv:      It lets you turn invisible.
Scrolls
 c - 14 scrolls of identify
 j - 3 scrolls of enchant weapon
 w - a scroll of teleportation
 A - a scroll of brand weapon
Potions
 a - 4 potions of haste
 d - 17 potions of curing
 f - 4 potions of mutation
 g - 4 potions of might
 i - 5 potions of heal wounds
 l - 4 potions of magic
 n - 2 potions of cancellation

Dungeon Overview and Level Annotations

Branches:
Dungeon (15/15)            Temple (1/1) D:6            Lair (5/5) D:10
  Swamp (3/4) Lair:2        Snake (4/4) Lair:3        Slime (0/5) Lair:4
    Orc (2/2) D:9             Elf (0/3) Orc:2        Vaults (0/5) D:13
 Depths (0/4) D:15

Altars:
Ashenzari
Cheibriados
Dithmenos
Elyvilon
Fedhas
Gozag
Hepliaklqana
Kikubaaqudgha
Makhleb
Nemelex Xobeh
Okawaru
Qazlal
Ru
Sif Muna
Trog
Uskayaw
Vehumet
Wu Jian
Xom
Yredelemnul
Zin
The Shining One
Jiyva

Shops:
D:2 !   Orc:2 *=([   Snake:2 *

Portals:
Abyss: D:12

Annotations:
D:12 2 transporters, Xqipyl's ghost, journeyman GrFE
D:15 2 transporters, Boahovan's ghost, journeyman DsGl
Lair:2 2 transporters
Lair:3 2 transporters
Swamp:1 3 runed translucent doors, qw's ghost, journeyman TrCA


Message History

You feel extremely sick.
The naga mage no longer looks unusually toxic.
The naga no longer looks unusually toxic.
You block the naga mage's attack. The naga mage barely misses you.
You block the naga mage's attack.
The naga mage hits you but does no damage.
The naga mage closely misses you.
The naga mage gestures at you while chanting.
The bolt of poison hits the naga mage.
The bolt of poison hits you.
You are more poisoned.
You block the naga mage's attack. The naga mage grabs you.
The naga mage constricts you.
29097 ||| DRINKING 6 potions of heal wounds.
You feel much better.
Your surroundings suddenly seem different.
Something loses its grip on you. 7 nagas and 2 black mambas come into view.
A naga warrior is wielding a +0 long sword and wearing a +0 kite shield of reflection.
A naga warrior is wielding a +0 long sword and wearing a +0 kite shield of protection.
You feel extremely sick.
The naga warrior shouts!
The naga shouts!
The black mamba hisses angrily. x2
The naga warrior shouts!
You hear a shout! x2
The naga warrior roars a battlecry!
The nagas go into a battle-frenzy!
The nagaraja hits you with a +0 halberd!!
The nagaraja grabs you. The nagaraja constricts you!
A naga sharpshooter comes into view. It is wielding a +0 war axe.
The naga moves out of view.
The naga shouts!
29098 ||| READING 2 scrolls of teleportation.
As you read the scroll of teleportation, it crumbles to dust.
You feel strangely unstable.
You feel extremely sick.
You hear a shout!
You block the black mamba's attack.
The black mamba bites you but does no damage.
You block the nagaraja's attack. The nagaraja constricts you.
The salamander tyrant gazes fiercely through you!
You feel your attacks grow feeble.
The naga warrior hits you with a +0 long sword!!
You die...

###########
......S@NN#
......#N#S....#
..N.. #.. .....
..N. .... .N..
..N ####. ...
.N ## .. . .


You could see a nagaraja (strong), 3 naga warriors, a naga sharpshooter, a
salamander tyrant, 2 black mambas and 2 nagas.

Vanquished Creatures
  Mara (Swamp:3)
  Nikola (Snake:1)
  Jorgrun (D:15)
  Frances (D:14)
  A thorn hunter (Swamp:3)
  A tengu reaver (D:13)
  Gastronok (D:12)
  An orc warlord (Orc:2)
  6 eleionomae
  4 bunyips
  Snorg (D:13)
  An ettin (D:13)
  Josephine (D:15)
  A vault guard (D:13)
  A shambling mangrove (Swamp:1)
  A great orb of eyes (shapeshifter) (D:13)
  11 hydras
  7 boulder beetles
  3 catoblepae
  8 centaur warriors
  A ghost crab (Swamp:3)
  Erica (D:8)
  2 tengu warriors
  4 alligators
  A two-headed ogre (shapeshifter) (D:13)
  11 anacondas
  7 two-headed ogres
  10 naga warriors
  A vampire mage (D:15)
  11 naga sharpshooters
  13 shock serpents
  2 orc high priests (Orc:2)
  3 goliath frogs
  2 salamander mystics (Snake:3)
  4 skeletal warriors
  2 anaconda zombies (Snake:1)
  6 spectral anacondas (Snake:1)
  4 sea snakes (Snake:2)
  A golden dragon zombie (D:15)
  4 spriggan druids
  8 naga ritualists
  A swamp dragon (Swamp:3)
  3 anaconda skeletons (Snake:1)
  A lindwurm (Lair:5)
  7 bog bodies
  Pikel (D:8)
  5 deep elf pyromancers
  4 orc knights (Orc:2)
  9 ugly things
  A necromancer (D:15)
  A shadow dragon skeleton (D:15)
  5 orc sorcerers (Orc:2)
  16 mana vipers
  10 cyclopes
  A will-o-the-wisp (Swamp:3)
  6 manticores
  26 black mambas
  9 salamanders
  2 stone giant skeletons (D:15)
  A guardian serpent (Snake:3)
  4 elephants (Lair:2)
  Joseph (D:8)
  2 water nymphs (Swamp:3)
  16 naga magi
  5 gargoyles
  12 cane toads
  4 torpor snails
  Psyche (D:8)
  A komodo dragon (shapeshifter) (D:13)
  A kobold demonologist (D:10)
  A rime drake (Lair:3)
  3 anaconda simulacra (Snake:1)
  8 komodo dragons
  2 tengu conjurers
  2 meliai (D:13)
  4 polar bears
  4 trolls
  34 blink frogs
  17 hornets
  Prince Ribbit (D:8)
  4 tyrant leeches
  7 slime creatures
  A dream sheep (Lair:5)
  24 spriggans
  4 wyverns
  3 shadows
  A vampire (D:13)
  10 wraiths
  26 yaks
  17 fire elementals
  9 basilisks
  Menkaure (D:6)
  A steam dragon (D:7)
  4 vampire mosquitoes
  4 wargs
  3 acid dragons
  51 nagas
  12 swamp worms
  14 water moccasins
  4 swamp drakes
  27 orc warriors
  2 sky beasts
  2 black bears (Lair:5)
  15 wolves (Lair:5)
  5 boggarts (Lair:5)
  19 centaurs
  2 ogres
  A lemure (D:8)
  5 kobold brigands
  9 bullfrogs
  A necrophage (D:5)
  2 scorpions (D:6)
  3 gnoll sergeants
  A water moccasin zombie (D:6)
  8 wights
  A hornet simulacrum (D:14)
  4 electric eels
  5 howler monkeys
  A centaur zombie (D:6)
  4 hounds
  6 orc priests
  2 jellies
  3 gnoll boudas
  A bullfrog zombie (D:6)
  Natasha (D:2)
  2 iguanas (D:5)
  10 orc wizards
  A killer bee zombie (D:6)
  2 howler monkey zombies (D:6)
  24 gnolls
  5 adders
  2 shadow imps
  A white imp (D:5)
  2 ufetubi (D:5)
  A worm (D:3)
  A dart slug (D:1)
  40 orcs
  6 endoplasms
  5 giant cockroaches
  8 goblins
  2 hobgoblins
  10 jackals
  2 quokkas
  5 ball pythons
  5 bats
  5 frilled lizards
  30 kobolds
  6 rats
888 creatures vanquished.

Vanquished Creatures (others)
  5 bloated husks
  A naga (Snake:1)
  A bush (D:12)
  9 demonic plants (D:2)
  33 fungi
  50 plants
  2 withered plants (D:2)
101 creatures vanquished.

Grand Total: 989 creatures vanquished

Notes
Turn   | Place    | Note
-------+----------+-------------------------------------------
     0 | D:1      | qw the Troll Cinder Acolyte began the quest for the Orb.
     0 | D:1      | Reached XP level 1. HP: 22/22 MP: 1/1
     0 | D:1      | 0 ||| qw: Version: 0.1-a-97-g2dd2ca4
     0 | D:1      | 0 ||| qw: Game counter: 4923
     0 | D:1      | 0 ||| qw: Always use a shield: true
     0 | D:1      | 0 ||| qw: God list: Okawaru
     0 | D:1      | 0 ||| qw: Allow faded altars: false
     0 | D:1      | 0 ||| qw: Do Orc after D:15 true
     0 | D:1      | 0 ||| qw: Do second Lair branch before Depths: true
     0 | D:1      | 0 ||| qw: Lair rune preference: random
     0 | D:1      | 0 ||| qw: Plans: Normal
     0 | D:1      | 0 ||| PLANNING D:1-11
    87 | D:1      | 87 ||| Stepping ~*~*~tactically~*~*~ (stealth).
   258 | D:1      | Reached XP level 2. HP: 29/29 MP: 2/2
   462 | D:1      | Reached skill level 4 in Unarmed Combat
   590 | D:1      | Reached XP level 3. HP: 36/36 MP: 3/3
   657 | D:1      | 657 ||| READING scroll labelled SIEPHA AVASIE.
   676 | D:1      | 676 ||| DRINKING 2 amethyst potions.
   722 | D:1      | 722 ||| DROPPING potion of lignification.
   742 | D:2      | 742 ||| Stepping ~*~*~tactically~*~*~ (outnumbered).
   805 | D:2      | 805 ||| Stepping ~*~*~tactically~*~*~ (stealth).
   938 | D:2      | Found a faded altar of an unknown god.
  1089 | D:2      | Found Ulewnera's Distillery.
  1097 | D:2      | 1097 ||| SHOPLISTING 2 potions of resistance (200 gold,
                  | have 139).
  1097 | D:2      | 1097 ||| BUYING potion of curing (30 gold).
  1097 | D:2      | Bought a potion of curing for 30 gold pieces
  1097 | D:2      | 1097 ||| BUYING potion of curing (30 gold).
  1097 | D:2      | Bought a potion of curing for 30 gold pieces
  1097 | D:2      | 1097 ||| BUYING potion of might (40 gold).
  1097 | D:2      | Bought a potion of might for 40 gold pieces
  1097 | D:2      | 1097 ||| SHOPLISTING potion of mutation (80 gold, have 39).
  1098 | D:2      | Noticed Natasha
  1104 | D:2      | Killed Natasha
  1105 | D:2      | Reached skill level 5 in Unarmed Combat
  1105 | D:2      | Reached XP level 4. HP: 39/44 MP: 4/4
  1287 | D:2      | 1287 ||| READING scroll labelled LYRUOPU XIVEEPT.
  1288 | D:2      | 1288 ||| READING scroll labelled CEHEWI JUILA.
  1289 | D:2      | 1289 ||| READING scroll labelled JIRUEGGIPA.
  1290 | D:2      | 1290 ||| READING scroll labelled OLIDORRYDIO.
  1379 | D:3      | Identified the ring of the Duchess {Will++ AC+4 Str-3 Dex+4
                  | Slay+3}
  1425 | D:3      | 1425 ||| Stepping ~*~*~tactically~*~*~ (stealth).
  1575 | D:3      | 1575 ||| Stepping ~*~*~tactically~*~*~ (stealth).
  1871 | D:3      | 1871 ||| UPGRADING to ring of the Duchess {Will++ AC+4
                  | Str-3 Dex+4 Slay+3}.
  1872 | D:3      | 1872 ||| READING 2 scrolls labelled LOC CUVUSAHYUWN.
  1873 | D:3      | 1873 ||| READING scroll labelled ECECLE HUMEDUO.
  1874 | D:3      | 1874 ||| READING scroll labelled HERHUM NOTU.
  1875 | D:3      | 1875 ||| DROPPING scroll of immolation.
  2108 | D:4      | 2108 ||| INVOKING Fiery Armour.
  2113 | D:4      | Reached XP level 5. HP: 36/50 MP: 5/5
  2117 | D:4      | Reached skill level 6 in Unarmed Combat
  2122 | D:4      | 2122 ||| Stepping ~*~*~tactically~*~*~ (stealth).
  2616 | D:4      | You fall into a shaft and drop 3 floors!
  2628 | D:7      | 2628 ||| INVOKING Fiery Armour.
  2628 | D:7      | HP: 12/48 [wight/+9 long sword of freezing (10)]
  2628 | D:7      | HP: 3/47 [wight/+9 long sword of freezing (4)]
  2629 | D:7      | Reached skill level 1 in Dodging
  2692 | D:7      | Reached XP level 6. HP: 44/59 MP: 6/6
  2744 | D:7      | 2744 ||| READING scroll labelled FIMIBL AVAR.
  2745 | D:7      | 2745 ||| DRINKING 2 fuming grey potions.
  2745 | D:7      | Gained mutation: Your muscles are strong. (Str +4, Int/Dex
                  | -1) [potion of mutation]
  2745 | D:7      | Gained mutation: Your muscles are very strong. (Str +8,
                  | Int/Dex -2) [potion of mutation]
  2745 | D:7      | Gained mutation: You have sharp toenails. [potion of
                  | mutation]
  2746 | D:7      | 2746 ||| READING 2 scrolls of identify.
  2746 | D:7      | 2746 ||| IDENTIFYING yellow potion
  2747 | D:7      | 2747 ||| DROPPING potion of magic.
  2760 | D:6      | Reached skill level 1 in Throwing
  2785 | D:5      | Entered Level 5 of the Dungeon
  2794 | D:5      | 2794 ||| Stepping ~*~*~tactically~*~*~ (stealth).
  2795 | D:5      | 2795 ||| Stepping ~*~*~tactically~*~*~ (stealth).
  2874 | D:5      | Reached skill level 7 in Unarmed Combat
  2969 | D:5      | Reached XP level 7. HP: 63/66 MP: 7/7
  3532 | D:5      | 3532 ||| FLEEEEING.
  3533 | D:5      | 3533 ||| FLEEEEING.
  3534 | D:5      | 3534 ||| FLEEEEING.
  3535 | D:5      | 3535 ||| FLEEEEING.
  3685 | D:5      | 3685 ||| DROPPING scarf of shadows.
  3686 | D:5      | 3686 ||| READING scroll labelled ZUIGGE HARHIR.
  3829 | D:6      | Reached skill level 8 in Unarmed Combat
  3840 | D:6      | Found a basalt altar of Yredelemnul.
  3843 | D:6      | Reached skill level 3 in Fighting
  3887 | D:6      | 3887 ||| Stepping ~*~*~tactically~*~*~ (stealth).
  3890 | D:6      | 3890 ||| INVOKING Fiery Armour.
  3901 | D:6      | 3901 ||| FLEEEEING.
  3902 | D:6      | 3902 ||| FLEEEEING.
  3903 | D:6      | 3903 ||| FLEEEEING.
  3904 | D:6      | 3904 ||| FLEEEEING.
  3905 | D:6      | 3905 ||| FLEEEEING.
  3906 | D:6      | 3906 ||| FLEEEEING.
  3907 | D:6      | 3907 ||| FLEEEEING.
  3908 | D:6      | 3908 ||| FLEEEEING.
  3909 | D:6      | 3909 ||| FLEEEEING.
  3910 | D:6      | 3910 ||| FLEEEEING.
  4006 | D:6      | 4006 ||| Stepping ~*~*~tactically~*~*~ (stealth).
  4027 | D:6      | Found a staircase to the Ecumenical Temple.
  4087 | D:6      | 4087 ||| Stepping ~*~*~tactically~*~*~ (stealth).
  4096 | D:6      | Reached XP level 8. HP: 42/75 MP: 8/8
  4220 | D:6      | Noticed Menkaure
  4226 | D:6      | Reached skill level 9 in Unarmed Combat
  4228 | D:6      | Killed Menkaure
  4229 | D:6      | Reached skill level 3 in Throwing
  4230 | D:6      | 4230 ||| FLEEEEING.
  4231 | D:6      | 4231 ||| FLEEEEING.
  4239 | D:6      | 4239 ||| STAIRDANCE
  4250 | D:5      | 4250 ||| DRINKING 2 metallic emerald potions.
  4251 | D:5      | 4251 ||| READING 2 scrolls of identify.
  4251 | D:5      | 4251 ||| IDENTIFYING ruby potion
  4260 | D:6      | 4260 ||| Stepping ~*~*~tactically~*~*~ (hiding).
  4261 | D:6      | 4261 ||| Stepping ~*~*~tactically~*~*~ (hiding).
  4262 | D:6      | 4262 ||| Stepping ~*~*~tactically~*~*~ (hiding).
  4266 | D:6      | 4266 ||| Stepping ~*~*~tactically~*~*~ (outnumbered).
  4270 | D:6      | 4270 ||| Stepping ~*~*~tactically~*~*~ (outnumbered).
  4330 | D:7      | 4330 ||| Stepping ~*~*~tactically~*~*~ (stealth).
  4331 | D:7      | 4331 ||| Stepping ~*~*~tactically~*~*~ (stealth).
  4341 | D:7      | 4341 ||| Stepping ~*~*~tactically~*~*~ (stealth).
  4412 | D:7      | Reached skill level 10 in Unarmed Combat
  4442 | D:7      | 4442 ||| INVOKING Fiery Armour.
  4447 | D:7      | 4447 ||| Stepping ~*~*~tactically~*~*~ (outnumbered).
  4466 | D:7      | 4466 ||| FLEEEEING.
  4467 | D:7      | 4467 ||| FLEEEEING.
  4468 | D:7      | 4468 ||| FLEEEEING.
  4469 | D:7      | 4469 ||| FLEEEEING.
  4496 | D:7      | 4496 ||| FLEEEEING.
  4497 | D:7      | 4497 ||| FLEEEEING.
  4711 | D:7      | 4711 ||| UPGRADING to +0 steam dragon scales.
  4721 | D:7      | 4721 ||| DROPPING +0 robe.
  4722 | D:7      | 4722 ||| READING scroll of enchant armour.
  4722 | D:7      | 4722 ||| ENCHANTING +0 steam dragon scales.
  4723 | D:7      | 4723 ||| READING 3 scrolls of identify.
  4723 | D:7      | 4723 ||| IDENTIFYING fizzy white potion
  4724 | D:7      | 4724 ||| DROPPING potion of brilliance.
  4744 | D:8      | 4744 ||| Stepping ~*~*~tactically~*~*~ (stealth).
  4745 | D:8      | 4745 ||| Stepping ~*~*~tactically~*~*~ (stealth).
  4747 | D:8      | 4747 ||| STAIRDANCE
  4752 | D:8      | 4752 ||| STAIRDANCE
  4754 | D:7      | 4754 ||| Stepping ~*~*~tactically~*~*~ (outnumbered).
  4755 | D:7      | 4755 ||| Stepping ~*~*~tactically~*~*~ (outnumbered).
  4756 | D:7      | 4756 ||| Stepping ~*~*~tactically~*~*~ (outnumbered).
  4759 | D:7      | 4759 ||| Stepping ~*~*~tactically~*~*~ (outnumbered).
  4761 | D:7      | Reached skill level 1 in Armour
  4761 | D:7      | 4761 ||| Stepping ~*~*~tactically~*~*~ (outnumbered).
  4762 | D:7      | 4762 ||| Stepping ~*~*~tactically~*~*~ (outnumbered).
  4769 | D:7      | Reached XP level 9. HP: 73/84 MP: 9/9
  4786 | D:8      | Noticed a two-headed ogre
  4787 | D:8      | 4787 ||| STAIRDANCE
  4794 | D:8      | Noticed Prince Ribbit
  4795 | D:8      | 4795 ||| STAIRDANCE
  4797 | D:7      | 4797 ||| INVOKING Fiery Armour.
  4798 | D:7      | 4798 ||| Stepping ~*~*~tactically~*~*~ (outnumbered).
  4799 | D:7      | 4799 ||| Stepping ~*~*~tactically~*~*~ (outnumbered).
  4803 | D:7      | Killed a two-headed ogre
  4804 | D:7      | Reached skill level 11 in Unarmed Combat
  4851 | D:8      | Killed Prince Ribbit
  4878 | D:8      | Noticed Erica
  4879 | D:8      | 4879 ||| Stepping ~*~*~tactically~*~*~ (outnumbered).
  4881 | D:8      | 4881 ||| Stepping ~*~*~tactically~*~*~ (hiding).
  4883 | D:8      | 4883 ||| Stepping ~*~*~tactically~*~*~ (hiding).
  4887 | D:8      | Killed Erica
  4888 | D:8      | Reached skill level 12 in Unarmed Combat
  4889 | D:8      | 4889 ||| Stepping ~*~*~tactically~*~*~ (outnumbered).
  4890 | D:8      | 4890 ||| Stepping ~*~*~tactically~*~*~ (hiding).
  4899 | D:8      | 4899 ||| Stepping ~*~*~tactically~*~*~ (outnumbered).
  4987 | D:8      | 4987 ||| Stepping ~*~*~tactically~*~*~ (hiding).
  5006 | D:8      | 5006 ||| Stepping ~*~*~tactically~*~*~ (hiding).
  5167 | D:8      | 5167 ||| Stepping ~*~*~tactically~*~*~ (stealth).
  5168 | D:8      | 5168 ||| Stepping ~*~*~tactically~*~*~ (stealth).
  5175 | D:8      | 5175 ||| Stepping ~*~*~tactically~*~*~ (stealth).
  5176 | D:8      | 5176 ||| Stepping ~*~*~tactically~*~*~ (stealth).
  5176 | D:8      | Noticed Joseph
  5177 | D:8      | 5177 ||| Stepping ~*~*~tactically~*~*~ (hiding).
  5178 | D:8      | 5178 ||| Stepping ~*~*~tactically~*~*~ (outnumbered).
  5179 | D:8      | 5179 ||| Stepping ~*~*~tactically~*~*~ (outnumbered).
  5180 | D:8      | 5180 ||| Stepping ~*~*~tactically~*~*~ (outnumbered).
  5181 | D:8      | 5181 ||| Stepping ~*~*~tactically~*~*~ (hiding).
  5182 | D:8      | 5182 ||| Stepping ~*~*~tactically~*~*~ (hiding).
  5188 | D:8      | 5188 ||| Stepping ~*~*~tactically~*~*~ (stealth).
  5196 | D:8      | 5196 ||| INVOKING Fiery Armour.
  5201 | D:8      | Reached XP level 10. HP: 39/95 MP: 10/10
  5203 | D:8      | Killed Joseph
  5204 | D:8      | Reached skill level 13 in Unarmed Combat
  5331 | D:8      | Noticed Pikel
  5332 | D:8      | 5332 ||| Stepping ~*~*~tactically~*~*~ (hiding).
  5333 | D:8      | 5333 ||| Stepping ~*~*~tactically~*~*~ (hiding).
  5338 | D:8      | Killed Pikel
  5470 | D:8      | Noticed Psyche
  5478 | D:8      | Killed Psyche
  5615 | D:8      | 5615 ||| UPGRADING to +6 ring of strength.
  5616 | D:8      | 5616 ||| READING scroll labelled JOOSOZ TYBYNUH.
  5617 | D:8      | 5617 ||| READING 4 scrolls of identify.
  5617 | D:8      | 5617 ||| IDENTIFYING glowing amethyst potion
  5618 | D:8      | 5618 ||| READING 3 scrolls of identify.
  5618 | D:8      | 5618 ||| IDENTIFYING clear potion
  5619 | D:8      | 5619 ||| DROPPING potion of degeneration.
  5620 | D:8      | 5620 ||| DROPPING potion of invisibility.
  5647 | D:9      | Found a staircase to the Orcish Mines.
  5649 | D:9      | 5649 ||| INVOKING Fiery Armour.
  5650 | D:9      | 5650 ||| Stepping ~*~*~tactically~*~*~ (outnumbered).
  5651 | D:9      | 5651 ||| Stepping ~*~*~tactically~*~*~ (outnumbered).
  5652 | D:9      | 5652 ||| Stepping ~*~*~tactically~*~*~ (outnumbered).
  5653 | D:9      | 5653 ||| Stepping ~*~*~tactically~*~*~ (outnumbered).
  5654 | D:9      | 5654 ||| Stepping ~*~*~tactically~*~*~ (outnumbered).
  5655 | D:9      | 5655 ||| Stepping ~*~*~tactically~*~*~ (outnumbered).
  5656 | D:9      | 5656 ||| Stepping ~*~*~tactically~*~*~ (outnumbered).
  5657 | D:9      | 5657 ||| STAIRDANCE
  5659 | D:8      | 5659 ||| Stepping ~*~*~tactically~*~*~ (outnumbered).
  5660 | D:8      | 5660 ||| Stepping ~*~*~tactically~*~*~ (outnumbered).
  5669 | D:9      | 5669 ||| STAIRDANCE
  5698 | D:9      | 5698 ||| Stepping ~*~*~tactically~*~*~ (hiding).
  5700 | D:9      | 5700 ||| Stepping ~*~*~tactically~*~*~ (hiding).
  5734 | D:9      | Reached skill level 14 in Unarmed Combat
  5748 | D:9      | 5748 ||| Stepping ~*~*~tactically~*~*~ (stealth).
  5750 | D:9      | 5750 ||| Stepping ~*~*~tactically~*~*~ (hiding).
  5759 | D:9      | 5759 ||| Stepping ~*~*~tactically~*~*~ (stealth).
  5760 | D:9      | 5760 ||| Stepping ~*~*~tactically~*~*~ (outnumbered).
  5763 | D:9      | 5763 ||| Stepping ~*~*~tactically~*~*~ (hiding).
  5788 | D:9      | 5788 ||| Stepping ~*~*~tactically~*~*~ (stealth).
  5795 | D:9      | 5795 ||| Stepping ~*~*~tactically~*~*~ (stealth).
  5798 | D:9      | 5798 ||| Stepping ~*~*~tactically~*~*~ (stealth).
  5799 | D:9      | 5799 ||| Stepping ~*~*~tactically~*~*~ (stealth).
  5955 | D:9      | 5955 ||| Stepping ~*~*~tactically~*~*~ (outnumbered).
  5956 | D:9      | 5956 ||| Stepping ~*~*~tactically~*~*~ (outnumbered).
  5957 | D:9      | 5957 ||| Stepping ~*~*~tactically~*~*~ (outnumbered).
  5958 | D:9      | 5958 ||| Stepping ~*~*~tactically~*~*~ (outnumbered).
  5966 | D:9      | 5966 ||| FLEEEEING.
  5967 | D:9      | 5967 ||| FLEEEEING.
  5968 | D:9      | 5968 ||| FLEEEEING.
  5969 | D:9      | 5969 ||| FLEEEEING.
  5970 | D:9      | 5970 ||| FLEEEEING.
  5971 | D:9      | 5971 ||| FLEEEEING.
  5972 | D:9      | 5972 ||| FLEEEEING.
  5973 | D:9      | 5973 ||| FLEEEEING.
  5977 | D:9      | 5977 ||| STAIRDANCE
  6030 | D:9      | 6030 ||| Stepping ~*~*~tactically~*~*~ (stealth).
  6035 | D:9      | 6035 ||| Stepping ~*~*~tactically~*~*~ (stealth).
  6149 | D:9      | Reached skill level 6 in Fighting
  6249 | D:9      | 6249 ||| Stepping ~*~*~tactically~*~*~ (stealth).
  6254 | D:9      | 6254 ||| Stepping ~*~*~tactically~*~*~ (outnumbered).
  6258 | D:9      | 6258 ||| Stepping ~*~*~tactically~*~*~ (outnumbered).
  6259 | D:9      | 6259 ||| Stepping ~*~*~tactically~*~*~ (outnumbered).
  6260 | D:9      | 6260 ||| Stepping ~*~*~tactically~*~*~ (outnumbered).
  6261 | D:9      | 6261 ||| Stepping ~*~*~tactically~*~*~ (outnumbered).
  6262 | D:9      | 6262 ||| Stepping ~*~*~tactically~*~*~ (outnumbered).
  6263 | D:9      | 6263 ||| Stepping ~*~*~tactically~*~*~ (outnumbered).
  6264 | D:9      | 6264 ||| Stepping ~*~*~tactically~*~*~ (outnumbered).
  6265 | D:9      | 6265 ||| Stepping ~*~*~tactically~*~*~ (outnumbered).
  6266 | D:9      | 6266 ||| Stepping ~*~*~tactically~*~*~ (outnumbered).
  6267 | D:9      | 6267 ||| Stepping ~*~*~tactically~*~*~ (outnumbered).
  6269 | D:9      | 6269 ||| Stepping ~*~*~tactically~*~*~ (outnumbered).
  6275 | D:9      | 6275 ||| FLEEEEING.
  6276 | D:9      | 6276 ||| FLEEEEING.
  6277 | D:9      | 6277 ||| FLEEEEING.
  6278 | D:9      | 6278 ||| FLEEEEING.
  6279 | D:9      | 6279 ||| FLEEEEING.
  6280 | D:9      | 6280 ||| FLEEEEING.
  6378 | D:9      | Noticed a skeletal warrior
  6379 | D:9      | 6379 ||| Stepping ~*~*~tactically~*~*~ (hiding).
  6387 | D:9      | 6387 ||| INVOKING Fiery Armour.
  6388 | D:9      | HP: 23/98 [bullfrog (4)]
  6389 | D:9      | 6389 ||| READING scroll of teleportation.
  6390 | D:9      | 6390 ||| DRINKING 2 potions of heal wounds.
  6391 | D:9      | HP: 10/98 [skeletal warrior/+0 halberd (17)]
  6392 | D:9      | 6392 ||| DRINKING potion of heal wounds.
  6395 | D:9      | 6395 ||| STAIRDANCE
  6465 | D:8      | 6465 ||| READING 2 scrolls of identify.
  6465 | D:8      | 6465 ||| IDENTIFYING sapphire potion
  6511 | D:9      | Killed a skeletal warrior
  6512 | D:9      | Reached skill level 15 in Unarmed Combat
  6512 | D:9      | Reached XP level 11. HP: 80/105 MP: 11/11
  6848 | D:9      | 6848 ||| READING 3 scrolls of identify.
  6848 | D:9      | 6848 ||| IDENTIFYING grey potion
  6849 | D:9      | 6849 ||| DROPPING potion of ambrosia.
  6870 | D:10     | Entered Level 10 of the Dungeon
  6870 | D:10     | Found a shadowy altar of Dithmenos.
  6951 | D:10     | 6951 ||| Stepping ~*~*~tactically~*~*~ (stealth).
  6972 | D:10     | 6972 ||| Stepping ~*~*~tactically~*~*~ (outnumbered).
  6973 | D:10     | 6973 ||| Stepping ~*~*~tactically~*~*~ (outnumbered).
  6974 | D:10     | 6974 ||| Stepping ~*~*~tactically~*~*~ (outnumbered).
  7127 | D:10     | 7127 ||| Stepping ~*~*~tactically~*~*~ (stealth).
  7199 | D:10     | Found an ornate altar of the Wu Jian Council.
  7200 | D:10     | Found an opulent altar of Gozag.
  7213 | D:10     | Found a broken altar of Ashenzari.
  7214 | D:10     | Found a bloodstained altar of Trog.
  7215 | D:10     | Found a white marble altar of Elyvilon.
  7215 | D:10     | Found a shimmering blue altar of Sif Muna.
  7215 | D:10     | Found a hazy altar of Hepliaklqana.
  7215 | D:10     | Found an ancient bone altar of Kikubaaqudgha.
  7265 | D:10     | 7265 ||| Stepping ~*~*~tactically~*~*~ (hiding).
  7388 | D:10     | 7388 ||| DRINKING potion of resistance.
  7414 | D:10     | Found a staircase to the Lair.
  7628 | D:10     | Found a shimmering altar of Xom.
  7660 | D:10     | 7660 ||| PLANNING LAIR
  7660 | D:10     | 7660 ||| READING scroll labelled FEHUZU NITZEI.
  7661 | D:10     | 7661 ||| Stepping randomly (stuck).
  7662 | D:10     | 7662 ||| Stepping ~*~*~tactically~*~*~ (cloud).
  7777 | Lair:1   | Entered Level 1 of the Lair of Beasts
  7939 | Lair:1   | 7939 ||| INVOKING Fiery Armour.
  7944 | Lair:1   | Reached skill level 6 in Throwing
  7947 | Lair:1   | Found a snail-covered altar of Cheibriados.
  8063 | Lair:1   | 8063 ||| INVOKING Fiery Armour.
  8069 | Lair:1   | 8069 ||| Stepping ~*~*~tactically~*~*~ (outnumbered).
  8108 | Lair:1   | 8108 ||| Stepping ~*~*~tactically~*~*~ (stealth).
  8110 | Lair:1   | 8110 ||| Stepping ~*~*~tactically~*~*~ (stealth).
  8119 | Lair:1   | Reached skill level 16 in Unarmed Combat
  8230 | Lair:1   | You fall into a shaft and drop 1 floor!
  8251 | Lair:2   | 8251 ||| DROPPING ring of positive energy.
  8252 | Lair:2   | 8252 ||| READING 3 scrolls of identify.
  8252 | Lair:2   | 8252 ||| IDENTIFYING bubbling coppery potion
  8410 | Lair:1   | 8410 ||| Stepping ~*~*~tactically~*~*~ (hiding).
  8815 | Lair:2   | Reached XP level 12. HP: 116/118 MP: 12/12
  8836 | Lair:2   | 8836 ||| Stepping ~*~*~tactically~*~*~ (stealth).
  8927 | Lair:2   | 8927 ||| Stepping ~*~*~tactically~*~*~ (hiding).
  8976 | Lair:2   | 8976 ||| Stepping ~*~*~tactically~*~*~ (hiding).
  9004 | Lair:2   | Found a staircase to the Swamp.
  9005 | Lair:2   | 9005 ||| Stepping ~*~*~tactically~*~*~ (hiding).
  9011 | Lair:2   | Reached skill level 17 in Unarmed Combat
  9383 | Lair:2   | Found a transporter.
  9385 | Lair:2   | Found a transporter.
  9390 | Lair:2   | Noticed a boulder beetle
  9390 | Lair:2   | Noticed a boulder beetle
  9513 | Lair:2   | 9513 ||| INVOKING Fiery Armour.
  9658 | Lair:2   | 9658 ||| READING 2 scrolls of identify.
  9658 | Lair:2   | 9658 ||| IDENTIFYING cyan potion
  9659 | Lair:2   | 9659 ||| DROPPING potion of flight.
  9696 | Lair:2   | 9696 ||| READING 3 scrolls of teleportation.
  9697 | Lair:2   | 9697 ||| STAIRDANCE
  9838 | Lair:3   | 9838 ||| Stepping ~*~*~tactically~*~*~ (hiding).
  9841 | Lair:3   | 9841 ||| Stepping ~*~*~tactically~*~*~ (hiding).
 10097 | Lair:3   | Found a transporter.
 10170 | Lair:3   | Found a staircase to the Snake Pit.
 10388 | Lair:3   | Found a dark tunnel.
 10434 | Lair:3   | Found a transporter.
 10435 | Lair:3   | 10435 ||| Stepping ~*~*~tactically~*~*~ (hiding).
 10722 | Lair:3   | 10722 ||| DROPPING +6 ring of intelligence.
 10736 | Lair:2   | 10736 ||| READING 2 scrolls of teleportation.
 10977 | Lair:4   | 10977 ||| FLEEEEING.
 10978 | Lair:4   | 10978 ||| FLEEEEING.
 10979 | Lair:4   | 10979 ||| FLEEEEING.
 10980 | Lair:4   | 10980 ||| STAIRDANCE
 10984 | Lair:4   | 10984 ||| STAIRDANCE
 10992 | Lair:4   | 10992 ||| STAIRDANCE
 11014 | Lair:4   | 11014 ||| STAIRDANCE
 11037 | Lair:4   | 11037 ||| STAIRDANCE
 11096 | Lair:4   | Noticed an eight-headed hydra
 11097 | Lair:4   | 11097 ||| INVOKING Fiery Armour.
 11101 | Lair:4   | Killed a nine-headed hydra
 11141 | Lair:4   | 11141 ||| Stepping ~*~*~tactically~*~*~ (stealth).
 11143 | Lair:4   | 11143 ||| Stepping ~*~*~tactically~*~*~ (stealth).
 11164 | Lair:4   | 11164 ||| READING scroll of enchant armour.
 11164 | Lair:4   | 11164 ||| ENCHANTING +1 steam dragon scales.
 11174 | Lair:4   | Reached skill level 18 in Unarmed Combat
 11246 | Lair:4   | 11246 ||| INVOKING Fiery Armour.
 11276 | Lair:4   | Noticed a catoblepas
 11280 | Lair:4   | 11280 ||| Stepping ~*~*~tactically~*~*~ (cloud).
 11282 | Lair:4   | 11282 ||| Stepping ~*~*~tactically~*~*~ (cloud).
 11283 | Lair:4   | 11283 ||| Stepping ~*~*~tactically~*~*~ (cloud).
 11285 | Lair:4   | Killed a catoblepas
 11389 | Lair:4   | 11389 ||| PLANNING TEMPLE
 11705 | Temple   | Entered the Ecumenical Temple
 11706 | Temple   | 11706 ||| PLANNING CONVERSION TO OKAWARU
 11710 | Temple   | Fell from the grace of Ignis
 11710 | Temple   | Became a worshipper of Warmaster Okawaru
 11711 | Temple   | 11711 ||| PLANNING LAIR
 12018 | Lair:4   | 12018 ||| Stepping ~*~*~tactically~*~*~ (stealth).
 12184 | Lair:4   | Found a staircase to the Slime Pits.
 12187 | Lair:4   | Found a viscous altar of Jiyva.
 12263 | Lair:4   | 12263 ||| Stepping ~*~*~tactically~*~*~ (outnumbered).
 12265 | Lair:4   | 12265 ||| Stepping ~*~*~tactically~*~*~ (outnumbered).
 12266 | Lair:4   | 12266 ||| Stepping ~*~*~tactically~*~*~ (outnumbered).
 12558 | Lair:4   | 12558 ||| READING scroll labelled RETOQU YBUESHRE.
 12559 | Lair:4   | 12559 ||| READING 6 scrolls of identify.
 12559 | Lair:4   | 12559 ||| IDENTIFYING fizzy brown potion
 12560 | Lair:4   | 12560 ||| DROPPING potion of berserk rage.
 12586 | Lair:5   | Entered Level 5 of the Lair of Beasts
 12635 | Lair:5   | 12635 ||| Stepping ~*~*~tactically~*~*~ (hiding).
 12686 | Lair:5   | 12686 ||| Stepping ~*~*~tactically~*~*~ (stealth).
 12693 | Lair:5   | Reached skill level 3 in Dodging
 12729 | Lair:5   | Reached XP level 13. HP: 127/127 MP: 13/13
 12741 | Lair:5   | Reached * piety under Okawaru
 12743 | Lair:5   | 12743 ||| INVOKING Heroism.
 12747 | Lair:5   | 12747 ||| Stepping ~*~*~tactically~*~*~ (stealth).
 12755 | Lair:5   | 12755 ||| INVOKING Heroism.
 12769 | Lair:5   | Reached skill level 1 in Invocations
 12773 | Lair:5   | 12773 ||| INVOKING Heroism.
 12789 | Lair:5   | 12789 ||| INVOKING Heroism.
 12861 | Lair:5   | 12861 ||| Stepping ~*~*~tactically~*~*~ (stealth).
 12862 | Lair:5   | 12862 ||| Stepping ~*~*~tactically~*~*~ (stealth).
 12864 | Lair:5   | 12864 ||| INVOKING Heroism.
 12868 | Lair:5   | 12868 ||| Stepping ~*~*~tactically~*~*~ (outnumbered).
 12870 | Lair:5   | Paralysed by a hornet for 2 turns
 12883 | Lair:5   | 12883 ||| INVOKING Heroism.
 12960 | Lair:5   | 12960 ||| Stepping ~*~*~tactically~*~*~ (stealth).
 12962 | Lair:5   | 12962 ||| INVOKING Heroism.
 12964 | Lair:5   | 12964 ||| Stepping ~*~*~tactically~*~*~ (outnumbered).
 12966 | Lair:5   | Reached skill level 3 in Invocations
 12975 | Lair:5   | Reached ** piety under Okawaru
 13034 | Lair:5   | 13034 ||| Stepping ~*~*~tactically~*~*~ (stealth).
 13037 | Lair:5   | 13037 ||| Stepping ~*~*~tactically~*~*~ (stealth).
 13072 | Lair:5   | 13072 ||| INVOKING Heroism.
 13154 | Lair:5   | 13154 ||| INVOKING Heroism.
 13155 | Lair:5   | 13155 ||| Stepping ~*~*~tactically~*~*~ (stealth).
 13191 | Lair:5   | 13191 ||| Stepping ~*~*~tactically~*~*~ (stealth).
 13216 | Lair:5   | 13216 ||| READING scroll of enchant armour.
 13216 | Lair:5   | 13216 ||| ENCHANTING +2 steam dragon scales.
 13230 | Lair:5   | 13230 ||| Stepping ~*~*~tactically~*~*~ (stealth).
 13232 | Lair:5   | 13232 ||| INVOKING Heroism.
 13233 | Lair:5   | 13233 ||| Stepping ~*~*~tactically~*~*~ (stealth).
 13246 | Lair:5   | 13246 ||| Stepping ~*~*~tactically~*~*~ (stealth).
 13247 | Lair:5   | 13247 ||| Stepping ~*~*~tactically~*~*~ (stealth).
 13248 | Lair:5   | 13248 ||| Stepping ~*~*~tactically~*~*~ (stealth).
 13253 | Lair:5   | 13253 ||| Stepping ~*~*~tactically~*~*~ (stealth).
 13260 | Lair:5   | 13260 ||| INVOKING Heroism.
 13276 | Lair:5   | Reached *** piety under Okawaru
 13347 | Lair:5   | 13347 ||| INVOKING Heroism.
 13426 | Lair:5   | 13426 ||| INVOKING Heroism.
 13446 | Lair:5   | 13446 ||| Stepping ~*~*~tactically~*~*~ (outnumbered).
 13447 | Lair:5   | 13447 ||| Stepping ~*~*~tactically~*~*~ (outnumbered).
 13448 | Lair:5   | 13448 ||| Stepping ~*~*~tactically~*~*~ (outnumbered).
 13449 | Lair:5   | 13449 ||| INVOKING Heroism.
 13516 | Lair:5   | 13516 ||| Stepping ~*~*~tactically~*~*~ (stealth).
 13517 | Lair:5   | 13517 ||| INVOKING Heroism.
 13519 | Lair:5   | 13519 ||| Stepping ~*~*~tactically~*~*~ (stealth).
 13521 | Lair:5   | Reached skill level 19 in Unarmed Combat
 13537 | Lair:5   | 13537 ||| Stepping ~*~*~tactically~*~*~ (stealth).
 13542 | Lair:5   | 13542 ||| Stepping ~*~*~tactically~*~*~ (outnumbered).
 13653 | Lair:5   | 13653 ||| INVOKING Heroism.
 13787 | Lair:5   | 13787 ||| INVOKING Heroism.
 13926 | Lair:5   | Reached **** piety under Okawaru
 13927 | Lair:5   | Reached skill level 9 in Fighting
 13968 | Lair:5   | 13968 ||| INVOKING Heroism.
 14110 | Lair:5   | 14110 ||| PLANNING D:1-11
 14110 | Lair:5   | 14110 ||| READING 7 scrolls of identify.
 14110 | Lair:5   | 14110 ||| IDENTIFYING metallic golden potion
 14111 | Lair:5   | 14111 ||| DROPPING potion of attraction.
 14305 | D:10     | You fall into a shaft and drop 1 floor!
 14388 | D:11     | 14388 ||| INVOKING Heroism.
 14495 | D:11     | 14495 ||| FLEEEEING.
 14496 | D:11     | 14496 ||| FLEEEEING.
 14500 | D:11     | 14500 ||| FLEEEEING.
 14501 | D:11     | 14501 ||| FLEEEEING.
 14502 | D:11     | 14502 ||| FLEEEEING.
 14503 | D:11     | 14503 ||| FLEEEEING.
 14504 | D:11     | 14504 ||| FLEEEEING.
 14526 | D:11     | 14526 ||| FLEEEEING.
 14527 | D:11     | 14527 ||| FLEEEEING.
 14528 | D:11     | 14528 ||| FLEEEEING.
 14529 | D:11     | 14529 ||| FLEEEEING.
 14530 | D:11     | 14530 ||| FLEEEEING.
 14531 | D:11     | 14531 ||| FLEEEEING.
 14546 | D:11     | 14546 ||| FLEEEEING.
 14547 | D:11     | 14547 ||| FLEEEEING.
 14548 | D:11     | 14548 ||| FLEEEEING.
 14556 | D:11     | 14556 ||| STAIRDANCE
 14570 | D:10     | 14570 ||| UPGRADING to amulet of regeneration.
 14575 | D:10     | 14575 ||| READING scroll labelled HACSESHRAAMYI.
 14610 | D:11     | 14610 ||| INVOKING Heroism.
 14810 | D:11     | 14810 ||| PLANNING D
 14833 | D:12     | 14833 ||| PLANNING GAUNTLET
 14844 | D:12     | Noticed Gastronok
 14845 | D:12     | 14845 ||| INVOKING Heroism.
 14853 | D:12     | Killed Gastronok
 14853 | D:12     | Received a gift from Okawaru
 14942 | D:12     | 14942 ||| Stepping ~*~*~tactically~*~*~ (hiding).
 14946 | D:12     | Reached XP level 14. HP: 140/140 MP: 16/16
 15000 | D:12     | 15000 ||| Stepping ~*~*~tactically~*~*~ (hiding).
 15017 | D:12     | 15017 ||| Stepping ~*~*~tactically~*~*~ (stealth).
 15020 | D:12     | 15020 ||| Stepping ~*~*~tactically~*~*~ (stealth).
 15022 | D:12     | 15022 ||| Stepping ~*~*~tactically~*~*~ (hiding).
 15089 | D:12     | 15089 ||| READING scroll of enchant armour.
 15089 | D:12     | 15089 ||| ENCHANTING +3 steam dragon scales.
 15117 | D:12     | 15117 ||| Stepping ~*~*~tactically~*~*~ (hiding).
 15235 | D:12     | Found a transporter.
 15237 | D:12     | Noticed Xqipyl's ghost (journeyman GrFE)
 15243 | D:12     | Found a transporter.
 15245 | D:12     | Found a one-way gate to the infinite horrors of the Abyss.
 15267 | D:12     | Found a gate leading to a gauntlet.
 15268 | D:12     | 15268 ||| DROPPING +0 robe of fire resistance.
 15269 | D:12     | 15269 ||| UPGRADING to +2 hat of see invisible.
 15274 | D:12     | 15274 ||| UPGRADING to +2 kite shield of protection.
 15384 | D:12     | 15384 ||| FLEEEEING.
 15388 | D:12     | 15388 ||| FLEEEEING.
 15389 | D:12     | 15389 ||| FLEEEEING.
 15390 | D:12     | 15390 ||| FLEEEEING.
 15391 | D:12     | 15391 ||| FLEEEEING.
 15392 | D:12     | 15392 ||| FLEEEEING.
 15399 | D:12     | 15399 ||| FLEEEEING.
 15400 | D:12     | 15400 ||| FLEEEEING.
 15419 | D:12     | 15419 ||| Stepping ~*~*~tactically~*~*~ (hiding).
 15420 | D:12     | 15420 ||| Stepping ~*~*~tactically~*~*~ (hiding).
 15421 | D:12     | 15421 ||| Stepping ~*~*~tactically~*~*~ (hiding).
 15632 | D:12     | 15632 ||| DROPPING amulet of magic regeneration.
 15725 | D:12     | 15725 ||| Stepping ~*~*~tactically~*~*~ (outnumbered).
 15762 | D:12     | 15762 ||| RIP GAUNTLET
 15762 | D:12     | 15762 ||| PLANNING D
 15800 | D:13     | Reached ***** piety under Okawaru
 15800 | D:13     | Received a gift from Okawaru
 15801 | D:13     | Reached skill level 1 in Shields
 15831 | D:13     | 15831 ||| INVOKING Heroism.
 15832 | D:13     | 15832 ||| Stepping ~*~*~tactically~*~*~ (stealth).
 15865 | D:13     | 15865 ||| INVOKING Heroism.
 15866 | D:13     | 15866 ||| INVOKING Finesse.
 15883 | D:13     | 15883 ||| Stepping ~*~*~tactically~*~*~ (stealth).
 15888 | D:13     | 15888 ||| Stepping ~*~*~tactically~*~*~ (stealth).
 15895 | D:13     | 15895 ||| Stepping ~*~*~tactically~*~*~ (stealth).
 15904 | D:13     | 15904 ||| Stepping ~*~*~tactically~*~*~ (stealth).
 15944 | D:13     | Was forgiven by Ignis
 15970 | D:13     | 15970 ||| Stepping ~*~*~tactically~*~*~ (hiding).
 16021 | D:13     | Reached skill level 6 in Invocations
 16059 | D:13     | 16059 ||| READING 2 scrolls of teleportation.
 16071 | D:13     | Reached skill level 3 in Shields
 16086 | D:13     | 16086 ||| INVOKING Heroism.
 16087 | D:13     | 16087 ||| INVOKING Finesse.
 16165 | D:13     | Noticed Snorg
 16166 | D:13     | 16166 ||| INVOKING Heroism.
 16167 | D:13     | 16167 ||| INVOKING Finesse.
 16174 | D:13     | Killed Snorg
 16174 | D:13     | Received a gift from Okawaru
 16269 | D:13     | 16269 ||| Stepping ~*~*~tactically~*~*~ (stealth).
 16271 | D:13     | 16271 ||| INVOKING Heroism.
 16272 | D:13     | 16272 ||| Stepping ~*~*~tactically~*~*~ (stealth).
 16351 | D:13     | 16351 ||| INVOKING Heroism.
 16367 | D:13     | 16367 ||| Stepping ~*~*~tactically~*~*~ (stealth).
 16372 | D:13     | 16372 ||| Stepping ~*~*~tactically~*~*~ (cloud).
 16395 | D:13     | Found a gate to the Vaults.
 16497 | D:13     | 16497 ||| Stepping ~*~*~tactically~*~*~ (hiding).
 16505 | D:13     | 16505 ||| INVOKING Heroism.
 16506 | D:13     | 16506 ||| INVOKING Finesse.
 16581 | D:13     | 16581 ||| Stepping ~*~*~tactically~*~*~ (stealth).
 16582 | D:13     | 16582 ||| INVOKING Heroism.
 16617 | D:13     | 16617 ||| Stepping ~*~*~tactically~*~*~ (hiding).
 16620 | D:13     | 16620 ||| INVOKING Heroism.
 16621 | D:13     | 16621 ||| Stepping ~*~*~tactically~*~*~ (outnumbered).
 16622 | D:13     | 16622 ||| Stepping ~*~*~tactically~*~*~ (outnumbered).
 16629 | D:13     | 16629 ||| INVOKING Finesse.
 16638 | D:13     | 16638 ||| Stepping ~*~*~tactically~*~*~ (outnumbered).
 16644 | D:13     | 16644 ||| Stepping ~*~*~tactically~*~*~ (outnumbered).
 16646 | D:13     | Received a gift from Okawaru
 16647 | D:13     | 16647 ||| FLEEEEING.
 16649 | D:13     | 16649 ||| FLEEEEING.
 16660 | D:13     | Reached skill level 6 in Shields
 16666 | D:13     | 16666 ||| Stepping ~*~*~tactically~*~*~ (hiding).
 16670 | D:13     | Received a gift from Okawaru
 16710 | D:13     | 16710 ||| Stepping ~*~*~tactically~*~*~ (stealth).
 16774 | D:13     | 16774 ||| INVOKING Heroism.
 16775 | D:13     | 16775 ||| INVOKING Finesse.
 16784 | D:13     | 16784 ||| Stepping ~*~*~tactically~*~*~ (stealth).
 16798 | D:13     | 16798 ||| INVOKING Heroism.
 16831 | D:13     | Noticed a tengu reaver
 16832 | D:13     | 16832 ||| INVOKING Heroism.
 16839 | D:13     | Killed a tengu reaver
 16869 | D:13     | 16869 ||| Stepping ~*~*~tactically~*~*~ (stealth).
 16871 | D:13     | 16871 ||| Stepping ~*~*~tactically~*~*~ (stealth).
 16872 | D:13     | 16872 ||| Stepping ~*~*~tactically~*~*~ (stealth).
 16899 | D:13     | Received a gift from Okawaru
 17039 | D:13     | 17039 ||| Stepping ~*~*~tactically~*~*~ (outnumbered).
 17061 | D:13     | 17061 ||| Stepping ~*~*~tactically~*~*~ (hiding).
 17159 | D:13     | 17159 ||| Stepping ~*~*~tactically~*~*~ (hiding).
 17160 | D:13     | 17160 ||| Stepping ~*~*~tactically~*~*~ (hiding).
 17170 | D:13     | 17170 ||| DROPPING +0 kite shield of poison resistance.
 17171 | D:13     | 17171 ||| READING scroll of teleportation.
 17223 | D:13     | Reached skill level 9 in Invocations
 17276 | D:13     | 17276 ||| Stepping ~*~*~tactically~*~*~ (hiding).
 17277 | D:13     | 17277 ||| Stepping ~*~*~tactically~*~*~ (hiding).
 17278 | D:13     | 17278 ||| Stepping ~*~*~tactically~*~*~ (hiding).
 17279 | D:13     | 17279 ||| Stepping ~*~*~tactically~*~*~ (hiding).
 17280 | D:13     | 17280 ||| Stepping ~*~*~tactically~*~*~ (hiding).
 17481 | D:14     | 17481 ||| INVOKING Heroism.
 17486 | D:14     | Reached XP level 15. HP: 107/146 MP: 17/20
 17593 | D:14     | 17593 ||| INVOKING Heroism.
 17594 | D:14     | 17594 ||| INVOKING Finesse.
 17788 | D:14     | 17788 ||| Stepping ~*~*~tactically~*~*~ (stealth).
 17789 | D:14     | 17789 ||| Stepping ~*~*~tactically~*~*~ (stealth).
 17791 | D:14     | 17791 ||| Stepping ~*~*~tactically~*~*~ (stealth).
 17792 | D:14     | 17792 ||| Stepping ~*~*~tactically~*~*~ (stealth).
 17794 | D:14     | 17794 ||| Stepping ~*~*~tactically~*~*~ (stealth).
 17831 | D:14     | Noticed Frances
 17832 | D:14     | 17832 ||| Stepping ~*~*~tactically~*~*~ (hiding).
 17835 | D:14     | 17835 ||| Stepping ~*~*~tactically~*~*~ (hiding).
 17838 | D:14     | 17838 ||| Stepping ~*~*~tactically~*~*~ (hiding).
 17839 | D:14     | 17839 ||| Stepping ~*~*~tactically~*~*~ (hiding).
 17840 | D:14     | 17840 ||| Stepping ~*~*~tactically~*~*~ (hiding).
 17844 | D:14     | 17844 ||| INVOKING Heroism.
 17845 | D:14     | 17845 ||| INVOKING Finesse.
 17854 | D:14     | Killed Frances
 17999 | D:14     | 17999 ||| Stepping ~*~*~tactically~*~*~ (outnumbered).
 18129 | D:14     | 18129 ||| INVOKING Heroism.
 18130 | D:14     | 18130 ||| INVOKING Finesse.
 18487 | D:14     | 18487 ||| Stepping ~*~*~tactically~*~*~ (hiding).
 18488 | D:14     | 18488 ||| Stepping ~*~*~tactically~*~*~ (hiding).
 18489 | D:14     | 18489 ||| Stepping ~*~*~tactically~*~*~ (hiding).
 18490 | D:14     | 18490 ||| Stepping ~*~*~tactically~*~*~ (hiding).
 18676 | D:15     | Entered Level 15 of the Dungeon
 18678 | D:15     | Found a transporter.
 18678 | D:15     | Noticed Boahovan's ghost (journeyman DsGl)
 18687 | D:15     | 18687 ||| INVOKING Heroism.
 18689 | D:15     | Found a staircase to the Depths.
 18693 | D:15     | Noticed an iron dragon
 18696 | D:15     | 18696 ||| Stepping ~*~*~tactically~*~*~ (outnumbered).
 18697 | D:15     | 18697 ||| Stepping ~*~*~tactically~*~*~ (outnumbered).
 18710 | D:15     | 18710 ||| Stepping ~*~*~tactically~*~*~ (outnumbered).
 18731 | D:15     | Reached skill level 9 in Shields
 18794 | D:15     | 18794 ||| INVOKING Heroism.
 18860 | D:15     | 18860 ||| Stepping ~*~*~tactically~*~*~ (stealth).
 18863 | D:15     | 18863 ||| INVOKING Heroism.
 18870 | D:15     | 18870 ||| Stepping ~*~*~tactically~*~*~ (outnumbered).
 18877 | D:15     | Noticed Jorgrun
 18878 | D:15     | 18878 ||| INVOKING Finesse.
 18885 | D:15     | Killed Jorgrun
 18940 | D:15     | 18940 ||| INVOKING Heroism.
 19022 | D:15     | Found a transporter.
 19034 | D:15     | 19034 ||| Stepping ~*~*~tactically~*~*~ (hiding).
 19217 | D:15     | 19217 ||| INVOKING Heroism.
 19218 | D:15     | 19218 ||| INVOKING Finesse.
 19327 | D:15     | Noticed Josephine
 19330 | D:15     | 19330 ||| INVOKING Heroism.
 19334 | D:15     | Killed Josephine
 19335 | D:15     | Received a gift from Okawaru
 19338 | D:15     | 19338 ||| Stepping ~*~*~tactically~*~*~ (outnumbered).
 19339 | D:15     | 19339 ||| Stepping ~*~*~tactically~*~*~ (outnumbered).
 19340 | D:15     | 19340 ||| Stepping ~*~*~tactically~*~*~ (outnumbered).
 19341 | D:15     | 19341 ||| Stepping ~*~*~tactically~*~*~ (outnumbered).
 19342 | D:15     | 19342 ||| Stepping ~*~*~tactically~*~*~ (outnumbered).
 19343 | D:15     | 19343 ||| Stepping ~*~*~tactically~*~*~ (outnumbered).
 19595 | D:15     | 19595 ||| PLANNING ORC
 19746 | Orc:1    | Entered Level 1 of the Orcish Mines
 19803 | Orc:1    | Found a shimmering blue altar of Sif Muna.
 19871 | Orc:1    | 19871 ||| Stepping ~*~*~tactically~*~*~ (stealth).
 19966 | Orc:2    | Entered Level 2 of the Orcish Mines
 19966 | Orc:2    | Noticed an orc warlord
 19966 | Orc:2    | Found Ross's Jewellery Emporium.
 19967 | Orc:2    | 19967 ||| INVOKING Heroism.
 19968 | Orc:2    | 19968 ||| INVOKING Finesse.
 19971 | Orc:2    | 19971 ||| Stepping ~*~*~tactically~*~*~ (outnumbered).
 19972 | Orc:2    | 19972 ||| Stepping ~*~*~tactically~*~*~ (outnumbered).
 19973 | Orc:2    | 19973 ||| Stepping ~*~*~tactically~*~*~ (outnumbered).
 19974 | Orc:2    | 19974 ||| Stepping ~*~*~tactically~*~*~ (outnumbered).
 19975 | Orc:2    | 19975 ||| Stepping ~*~*~tactically~*~*~ (outnumbered).
 19976 | Orc:2    | 19976 ||| Stepping ~*~*~tactically~*~*~ (outnumbered).
 19977 | Orc:2    | 19977 ||| Stepping ~*~*~tactically~*~*~ (outnumbered).
 19988 | Orc:2    | 19988 ||| Stepping ~*~*~tactically~*~*~ (outnumbered).
 19989 | Orc:2    | 19989 ||| Stepping ~*~*~tactically~*~*~ (outnumbered).
 19990 | Orc:2    | 19990 ||| Stepping ~*~*~tactically~*~*~ (outnumbered).
 19992 | Orc:2    | 19992 ||| Stepping ~*~*~tactically~*~*~ (outnumbered).
 20003 | Orc:2    | 20003 ||| Stepping ~*~*~tactically~*~*~ (outnumbered).
 20004 | Orc:2    | 20004 ||| Stepping ~*~*~tactically~*~*~ (outnumbered).
 20005 | Orc:2    | 20005 ||| INVOKING Finesse.
 20006 | Orc:2    | 20006 ||| Stepping ~*~*~tactically~*~*~ (outnumbered).
 20007 | Orc:2    | 20007 ||| Stepping ~*~*~tactically~*~*~ (outnumbered).
 20014 | Orc:2    | 20014 ||| Stepping ~*~*~tactically~*~*~ (hiding).
 20019 | Orc:2    | 20019 ||| Stepping ~*~*~tactically~*~*~ (outnumbered).
 20021 | Orc:2    | 20021 ||| Stepping ~*~*~tactically~*~*~ (outnumbered).
 20025 | Orc:2    | 20025 ||| Stepping ~*~*~tactically~*~*~ (outnumbered).
 20029 | Orc:2    | Killed an orc warlord
 20030 | Orc:2    | 20030 ||| Stepping ~*~*~tactically~*~*~ (outnumbered).
 20041 | Orc:2    | 20041 ||| Stepping ~*~*~tactically~*~*~ (outnumbered).
 20057 | Orc:2    | HP: 33/146 [red devil/+0 trident[an orc sorcerer] (14)]
 20058 | Orc:2    | 20058 ||| READING 2 scrolls of teleportation.
 20059 | Orc:2    | 20059 ||| DRINKING 6 potions of heal wounds.
 20060 | Orc:2    | 20060 ||| INVOKING Heroism.
 20060 | Orc:2    | Found Xueriush's General Store.
 20112 | Orc:2    | 20112 ||| Stepping ~*~*~tactically~*~*~ (outnumbered).
 20113 | Orc:2    | 20113 ||| Stepping ~*~*~tactically~*~*~ (outnumbered).
 20119 | Orc:2    | 20119 ||| INVOKING Heroism.
 20126 | Orc:2    | HP: 34/146 [orc warrior/+0 battleaxe (14)]
 20127 | Orc:2    | 20127 ||| READING scroll of teleportation.
 20128 | Orc:2    | 20128 ||| DRINKING 5 potions of heal wounds.
 20129 | Orc:2    | 20129 ||| DRINKING 4 potions of heal wounds.
 20154 | Orc:2    | 20154 ||| Stepping ~*~*~tactically~*~*~ (stealth).
 20167 | Orc:2    | 20167 ||| Stepping ~*~*~tactically~*~*~ (stealth).
 20168 | Orc:2    | 20168 ||| INVOKING Heroism.
 20224 | Orc:2    | 20224 ||| BUYING scroll of enchant armour (112 gold).
 20224 | Orc:2    | Bought a scroll of enchant armour for 112 gold pieces
 20224 | Orc:2    | 20224 ||| READING scroll of enchant armour.
 20224 | Orc:2    | 20224 ||| ENCHANTING +4 steam dragon scales.
 20226 | Orc:2    | Found a staircase to the Elven Halls.
 20288 | Orc:2    | 20288 ||| Stepping ~*~*~tactically~*~*~ (stealth).
 20294 | Orc:2    | 20294 ||| Stepping ~*~*~tactically~*~*~ (hiding).
 20295 | Orc:2    | 20295 ||| Stepping ~*~*~tactically~*~*~ (hiding).
 20296 | Orc:2    | 20296 ||| Stepping ~*~*~tactically~*~*~ (hiding).
 20298 | Orc:2    | 20298 ||| INVOKING Heroism.
 20312 | Orc:2    | 20312 ||| Stepping ~*~*~tactically~*~*~ (stealth).
 20314 | Orc:2    | 20314 ||| Stepping ~*~*~tactically~*~*~ (stealth).
 20342 | Orc:2    | 20342 ||| Stepping ~*~*~tactically~*~*~ (outnumbered).
 20356 | Orc:2    | 20356 ||| BUYING +4 ring of protection (540 gold).
 20356 | Orc:2    | Bought a +4 ring of protection for 540 gold pieces
 20356 | Orc:2    | 20356 ||| BUYING amulet "Weweec" {Acrobat +Inv Str+8 Int-4}
                  | (786 gold).
 20356 | Orc:2    | Bought the amulet "Weweec" {Acrobat +Inv Str+8 Int-4} for
                  | 786 gold pieces
 20356 | Orc:2    | 20356 ||| SHOPLISTING ring of Foduof {Fire *Corrode MP+9
                  | Str+3 Dex+4} (900 gold, have 122).
 20386 | Orc:2    | 20386 ||| Stepping ~*~*~tactically~*~*~ (stealth).
 20388 | Orc:2    | 20388 ||| Stepping ~*~*~tactically~*~*~ (stealth).
 20568 | Orc:2    | Found Sehah's Antique Armour Shoppe.
 20614 | Orc:2    | Found Teci's Antique Weapon Boutique.
 20815 | Orc:2    | 20815 ||| UPGRADING to amulet "Weweec" {Acrobat +Inv Str+8
                  | Int-4}.
 20825 | Orc:2    | 20825 ||| DROPPING amulet of regeneration.
 20826 | Orc:2    | 20826 ||| UPGRADING to +4 ring of protection.
 20828 | Orc:2    | 20828 ||| DROPPING +6 ring of strength.
 20916 | Orc:1    | 20916 ||| Stepping ~*~*~tactically~*~*~ (stealth).
 20917 | Orc:1    | 20917 ||| Stepping ~*~*~tactically~*~*~ (stealth).
 21109 | Orc:1    | 21109 ||| PLANNING SNAKE:1-3
 21333 | Snake:1  | Entered Level 1 of the Snake Pit
 21333 | Snake:1  | Noticed Nikola
 21334 | Snake:1  | 21334 ||| INVOKING Heroism.
 21341 | Snake:1  | Killed Nikola
 21409 | Snake:1  | 21409 ||| Stepping ~*~*~tactically~*~*~ (stealth).
 21421 | Snake:1  | 21421 ||| INVOKING Heroism.
 21423 | Snake:1  | 21423 ||| Stepping ~*~*~tactically~*~*~ (hiding).
 21437 | Snake:1  | Reached skill level 12 in Shields
 21439 | Snake:1  | Received a gift from Okawaru
 21459 | Snake:1  | 21459 ||| Stepping ~*~*~tactically~*~*~ (stealth).
 21460 | Snake:1  | 21460 ||| INVOKING Heroism.
 21472 | Snake:1  | Reached XP level 16. HP: 145/156 MP: 20/22
 21472 | Snake:1  | 21472 ||| Stepping ~*~*~tactically~*~*~ (hiding).
 21539 | Snake:1  | 21539 ||| INVOKING Heroism.
 21618 | Snake:1  | 21618 ||| Stepping ~*~*~tactically~*~*~ (hiding).
 21754 | Snake:1  | 21754 ||| Stepping ~*~*~tactically~*~*~ (stealth).
 21871 | Snake:1  | 21871 ||| Stepping ~*~*~tactically~*~*~ (stealth).
 21874 | Snake:1  | 21874 ||| INVOKING Heroism.
 21939 | Snake:1  | 21939 ||| Stepping ~*~*~tactically~*~*~ (hiding).
 21957 | Snake:1  | 21957 ||| Stepping ~*~*~tactically~*~*~ (hiding).
 21960 | Snake:1  | 21960 ||| INVOKING Heroism.
 21964 | Snake:1  | 21964 ||| Stepping ~*~*~tactically~*~*~ (outnumbered).
 21973 | Snake:1  | Received a gift from Okawaru
 22133 | Snake:1  | 22133 ||| Stepping ~*~*~tactically~*~*~ (stealth).
 22134 | Snake:1  | 22134 ||| Stepping ~*~*~tactically~*~*~ (stealth).
 22173 | Snake:1  | 22173 ||| Stepping ~*~*~tactically~*~*~ (stealth).
 22174 | Snake:1  | 22174 ||| Stepping ~*~*~tactically~*~*~ (stealth).
 22204 | Snake:1  | 22204 ||| Stepping ~*~*~tactically~*~*~ (hiding).
 22276 | Snake:1  | 22276 ||| Stepping ~*~*~tactically~*~*~ (stealth).
 22277 | Snake:1  | 22277 ||| INVOKING Heroism.
 22459 | Snake:1  | 22459 ||| INVOKING Heroism.
 22494 | Snake:1  | Reached skill level 20 in Unarmed Combat
 22531 | Snake:1  | Identified the +11 quarterstaff of Haimerch {vamp, Contam
                  | +Blink rN+++ Will-}
 22618 | Snake:1  | 22618 ||| Stepping ~*~*~tactically~*~*~ (hiding).
 22755 | Snake:1  | 22755 ||| UPGRADING to +0 cloak.
 22760 | Snake:1  | 22760 ||| DROPPING ring of ice.
 22806 | Snake:2  | Found Ipiasch's General Store.
 22819 | Snake:2  | 22819 ||| INVOKING Heroism.
 22821 | Snake:2  | 22821 ||| Stepping ~*~*~tactically~*~*~ (outnumbered).
 22826 | Snake:2  | 22826 ||| Stepping ~*~*~tactically~*~*~ (outnumbered).
 22827 | Snake:2  | 22827 ||| Stepping ~*~*~tactically~*~*~ (outnumbered).
 22832 | Snake:2  | Reached skill level 3 in Armour
 22886 | Snake:2  | 22886 ||| BUYING 2 scrolls of teleportation (114 gold).
 22886 | Snake:2  | Bought 2 scrolls of teleportation for 114 gold pieces
 22886 | Snake:2  | 22886 ||| BUYING potion of might (76 gold).
 22886 | Snake:2  | Bought a potion of might for 76 gold pieces
 22886 | Snake:2  | 22886 ||| SHOPLISTING scroll of acquirement (988 gold, have
                  | 457).
 22902 | Snake:2  | 22902 ||| Stepping ~*~*~tactically~*~*~ (hiding).
 22903 | Snake:2  | 22903 ||| INVOKING Heroism.
 22905 | Snake:2  | 22905 ||| Stepping ~*~*~tactically~*~*~ (hiding).
 22906 | Snake:2  | 22906 ||| Stepping ~*~*~tactically~*~*~ (hiding).
 22959 | Snake:2  | 22959 ||| Stepping ~*~*~tactically~*~*~ (hiding).
 22963 | Snake:2  | 22963 ||| INVOKING Heroism.
 22965 | Snake:2  | Identified the +0 hat of Furreycs {Slay+3} (Okawaru gifted
                  | it to you on level 2 of the Snake Pit)
 22965 | Snake:2  | Received a gift from Okawaru
 23049 | Snake:2  | 23049 ||| Stepping ~*~*~tactically~*~*~ (hiding).
 23050 | Snake:2  | 23050 ||| INVOKING Heroism.
 23088 | Snake:2  | 23088 ||| Stepping ~*~*~tactically~*~*~ (stealth).
 23090 | Snake:2  | 23090 ||| Stepping ~*~*~tactically~*~*~ (stealth).
 23109 | Snake:2  | 23109 ||| Stepping ~*~*~tactically~*~*~ (stealth).
 23110 | Snake:2  | 23110 ||| Stepping ~*~*~tactically~*~*~ (stealth).
 23116 | Snake:2  | 23116 ||| Stepping ~*~*~tactically~*~*~ (stealth).
 23310 | Snake:2  | Reached skill level 9 in Throwing
 23499 | Snake:2  | 23499 ||| Stepping ~*~*~tactically~*~*~ (stealth).
 23500 | Snake:2  | 23500 ||| Stepping ~*~*~tactically~*~*~ (stealth).
 23551 | Snake:2  | 23551 ||| Stepping ~*~*~tactically~*~*~ (stealth).
 23552 | Snake:2  | 23552 ||| Stepping ~*~*~tactically~*~*~ (stealth).
 23554 | Snake:2  | 23554 ||| Stepping ~*~*~tactically~*~*~ (hiding).
 23576 | Snake:2  | 23576 ||| Stepping ~*~*~tactically~*~*~ (hiding).
 23580 | Snake:2  | 23580 ||| Stepping ~*~*~tactically~*~*~ (hiding).
 23798 | Snake:2  | 23798 ||| Stepping ~*~*~tactically~*~*~ (stealth).
 23800 | Snake:2  | 23800 ||| Stepping ~*~*~tactically~*~*~ (hiding).
 24172 | Snake:3  | 24172 ||| INVOKING Heroism.
 24278 | Snake:3  | 24278 ||| Stepping ~*~*~tactically~*~*~ (hiding).
 24355 | Snake:3  | 24355 ||| INVOKING Heroism.
 24404 | Snake:3  | 24404 ||| INVOKING Heroism.
 24407 | Snake:3  | 24407 ||| Stepping ~*~*~tactically~*~*~ (outnumbered).
 24510 | Snake:3  | 24510 ||| INVOKING Heroism.
 24607 | Snake:3  | 24607 ||| INVOKING Heroism.
 24742 | Snake:3  | 24742 ||| Stepping ~*~*~tactically~*~*~ (hiding).
 24747 | Snake:3  | 24747 ||| INVOKING Heroism.
 24748 | Snake:3  | 24748 ||| Stepping ~*~*~tactically~*~*~ (outnumbered).
 24756 | Snake:3  | 24756 ||| Stepping ~*~*~tactically~*~*~ (outnumbered).
 24758 | Snake:3  | 24758 ||| Stepping ~*~*~tactically~*~*~ (outnumbered).
 24789 | Snake:3  | 24789 ||| Stepping ~*~*~tactically~*~*~ (stealth).
 24790 | Snake:3  | 24790 ||| Stepping ~*~*~tactically~*~*~ (stealth).
 24899 | Snake:3  | 24899 ||| Stepping ~*~*~tactically~*~*~ (hiding).
 24903 | Snake:3  | 24903 ||| INVOKING Heroism.
 24907 | Snake:3  | Reached skill level 21 in Unarmed Combat
 24929 | Snake:3  | HP: 33/156 [black mamba[a naga ritualist] (12)]
 24930 | Snake:3  | 24930 ||| READING 3 scrolls of teleportation.
 24931 | Snake:3  | 24931 ||| DRINKING 5 potions of heal wounds.
 25053 | Snake:3  | 25053 ||| Stepping ~*~*~tactically~*~*~ (hiding).
 25070 | Snake:3  | 25070 ||| Stepping ~*~*~tactically~*~*~ (stealth).
 25076 | Snake:3  | Received a gift from Okawaru
 25076 | Snake:3  | Found the +10 tower shield of Ignorance {rN+ Int-4}
 25145 | Snake:3  | 25145 ||| Stepping ~*~*~tactically~*~*~ (hiding).
 25147 | Snake:3  | 25147 ||| INVOKING Heroism.
 25149 | Snake:3  | 25149 ||| Stepping ~*~*~tactically~*~*~ (hiding).
 25153 | Snake:3  | 25153 ||| Stepping ~*~*~tactically~*~*~ (outnumbered).
 25155 | Snake:3  | 25155 ||| Stepping ~*~*~tactically~*~*~ (outnumbered).
 25170 | Snake:3  | Reached XP level 17. HP: 97/163 MP: 23/23
 25248 | Snake:3  | 25248 ||| Stepping ~*~*~tactically~*~*~ (stealth).
 25252 | Snake:3  | 25252 ||| INVOKING Heroism.
 25353 | Snake:3  | 25353 ||| Stepping ~*~*~tactically~*~*~ (stealth).
 25359 | Snake:3  | 25359 ||| INVOKING Heroism.
 25499 | Snake:3  | 25499 ||| INVOKING Heroism.
 25564 | Snake:3  | 25564 ||| PLANNING SWAMP:1-3
 25564 | Snake:3  | 25564 ||| UPGRADING to +0 tower shield of protection.
 25574 | Snake:3  | 25574 ||| DROPPING +2 kite shield of protection.
 25748 | Swamp:1  | Entered Level 1 of the Swamp
 25773 | Swamp:1  | 25773 ||| Stepping ~*~*~tactically~*~*~ (stealth).
 25776 | Swamp:1  | 25776 ||| Stepping ~*~*~tactically~*~*~ (hiding).
 25781 | Swamp:1  | 25781 ||| INVOKING Heroism.
 25816 | Swamp:1  | 25816 ||| Stepping ~*~*~tactically~*~*~ (hiding).
 25833 | Swamp:1  | 25833 ||| Stepping ~*~*~tactically~*~*~ (hiding).
 25843 | Swamp:1  | 25843 ||| INVOKING Heroism.
 25987 | Swamp:1  | 25987 ||| INVOKING Heroism.
 26001 | Swamp:1  | 26001 ||| Stepping ~*~*~tactically~*~*~ (stealth).
 26087 | Swamp:1  | 26087 ||| Stepping ~*~*~tactically~*~*~ (cloud).
 26131 | Swamp:1  | 26131 ||| Stepping ~*~*~tactically~*~*~ (hiding).
 26132 | Swamp:1  | 26132 ||| Stepping ~*~*~tactically~*~*~ (hiding).
 26241 | Swamp:1  | 26241 ||| Stepping ~*~*~tactically~*~*~ (stealth).
 26263 | Swamp:1  | 26263 ||| Stepping ~*~*~tactically~*~*~ (hiding).
 26339 | Swamp:1  | Found a runed translucent gate.
 26339 | Swamp:1  | Found a runed translucent gate.
 26339 | Swamp:1  | Found a runed translucent gate.
 26340 | Swamp:1  | Noticed qw's ghost (journeyman TrCA)
 26604 | Swamp:1  | 26604 ||| READING scroll labelled JIOQO GIORUM.
 26625 | Swamp:2  | 26625 ||| INVOKING Heroism.
 26626 | Swamp:2  | 26626 ||| STAIRDANCE
 26676 | Swamp:2  | 26676 ||| INVOKING Heroism.
 26776 | Swamp:2  | 26776 ||| Stepping ~*~*~tactically~*~*~ (hiding).
 26777 | Swamp:2  | 26777 ||| Stepping ~*~*~tactically~*~*~ (hiding).
 26780 | Swamp:2  | 26780 ||| INVOKING Heroism.
 26792 | Swamp:2  | 26792 ||| Stepping ~*~*~tactically~*~*~ (stealth).
 26824 | Swamp:2  | 26824 ||| INVOKING Heroism.
 27062 | Swamp:2  | 27062 ||| INVOKING Heroism.
 27064 | Swamp:2  | 27064 ||| Stepping ~*~*~tactically~*~*~ (cloud).
 27136 | Swamp:2  | 27136 ||| Stepping ~*~*~tactically~*~*~ (hiding).
 27137 | Swamp:2  | 27137 ||| INVOKING Heroism.
 27306 | Swamp:2  | 27306 ||| DROPPING +6 ring of dexterity.
 27327 | Swamp:3  | 27327 ||| INVOKING Heroism.
 27328 | Swamp:3  | 27328 ||| STAIRDANCE
 27342 | Swamp:3  | 27342 ||| STAIRDANCE
 27353 | Swamp:3  | 27353 ||| STAIRDANCE
 27363 | Swamp:3  | 27363 ||| Stepping ~*~*~tactically~*~*~ (hiding).
 27365 | Swamp:3  | 27365 ||| Stepping ~*~*~tactically~*~*~ (hiding).
 27368 | Swamp:3  | Received a gift from Okawaru
 27372 | Swamp:3  | 27372 ||| Stepping ~*~*~tactically~*~*~ (cloud).
 27400 | Swamp:3  | 27400 ||| INVOKING Heroism.
 27427 | Swamp:3  | 27427 ||| Stepping ~*~*~tactically~*~*~ (stealth).
 27437 | Swamp:3  | 27437 ||| INVOKING Heroism.
 27444 | Swamp:3  | 27444 ||| Stepping ~*~*~tactically~*~*~ (hiding).
 27553 | Swamp:3  | 27553 ||| Stepping ~*~*~tactically~*~*~ (hiding).
 27554 | Swamp:3  | 27554 ||| INVOKING Heroism.
 27557 | Swamp:3  | Received a gift from Okawaru
 27558 | Swamp:3  | Reached skill level 15 in Shields
 27585 | Swamp:3  | 27585 ||| Stepping ~*~*~tactically~*~*~ (hiding).
 27599 | Swamp:3  | 27599 ||| INVOKING Heroism.
 27600 | Swamp:3  | 27600 ||| INVOKING Finesse.
 27736 | Swamp:3  | 27736 ||| INVOKING Heroism.
 27917 | Swamp:3  | Noticed Mara
 27918 | Swamp:3  | 27918 ||| INVOKING Heroism.
 27919 | Swamp:3  | 27919 ||| INVOKING Finesse.
 27920 | Swamp:3  | Noticed qw's illusion
 27954 | Swamp:3  | Killed Mara
 28060 | Swamp:3  | 28060 ||| PLANNING SNAKE:4
 28060 | Swamp:3  | 28060 ||| DROPPING ring of flight.
 28061 | Swamp:3  | 28061 ||| DROPPING ring of see invisible.
 28307 | Snake:4  | Entered Level 4 of the Snake Pit
 28309 | Snake:4  | 28309 ||| STAIRDANCE
 28358 | Snake:4  | 28358 ||| Stepping ~*~*~tactically~*~*~ (hiding).
 28359 | Snake:4  | 28359 ||| Stepping ~*~*~tactically~*~*~ (hiding).
 28362 | Snake:4  | 28362 ||| INVOKING Heroism.
 28404 | Snake:4  | 28404 ||| Stepping ~*~*~tactically~*~*~ (hiding).
 28506 | Snake:4  | 28506 ||| Stepping ~*~*~tactically~*~*~ (hiding).
 28509 | Snake:4  | 28509 ||| Stepping ~*~*~tactically~*~*~ (hiding).
 28631 | Snake:4  | 28631 ||| INVOKING Heroism.
 28716 | Snake:4  | 28716 ||| Stepping ~*~*~tactically~*~*~ (hiding).
 28731 | Snake:4  | 28731 ||| Stepping ~*~*~tactically~*~*~ (hiding).
 28734 | Snake:4  | 28734 ||| Stepping ~*~*~tactically~*~*~ (stealth).
 28736 | Snake:4  | 28736 ||| Stepping ~*~*~tactically~*~*~ (stealth).
 28836 | Snake:4  | 28836 ||| Stepping ~*~*~tactically~*~*~ (stealth).
 28838 | Snake:4  | 28838 ||| Stepping ~*~*~tactically~*~*~ (stealth).
 28844 | Snake:4  | 28844 ||| INVOKING Heroism.
 28868 | Snake:4  | 28868 ||| Stepping ~*~*~tactically~*~*~ (stealth).
 28887 | Snake:4  | 28887 ||| Stepping ~*~*~tactically~*~*~ (stealth).
 28890 | Snake:4  | 28890 ||| Stepping ~*~*~tactically~*~*~ (stealth).
 28968 | Snake:4  | 28968 ||| Stepping ~*~*~tactically~*~*~ (hiding).
 28991 | Snake:4  | 28991 ||| INVOKING Heroism.
 28993 | Snake:4  | 28993 ||| Stepping ~*~*~tactically~*~*~ (hiding).
 28996 | Snake:4  | 28996 ||| Stepping ~*~*~tactically~*~*~ (stealth).
 29063 | Snake:4  | 29063 ||| INVOKING Heroism.
 29082 | Snake:4  | 29082 ||| Stepping ~*~*~tactically~*~*~ (outnumbered).
 29087 | Snake:4  | 29087 ||| Stepping ~*~*~tactically~*~*~ (outnumbered).
 29090 | Snake:4  | 29090 ||| Stepping ~*~*~tactically~*~*~ (outnumbered).
 29092 | Snake:4  | 29092 ||| Stepping ~*~*~tactically~*~*~ (outnumbered).
 29093 | Snake:4  | 29093 ||| Stepping ~*~*~tactically~*~*~ (outnumbered).
 29094 | Snake:4  | HP: 40/166 [poisoned by naga mage (concentrated venom)]
 29095 | Snake:4  | 29095 ||| READING 3 scrolls of teleportation.
 29095 | Snake:4  | HP: 19/166 [naga mage/bolt of poison (21)]
 29096 | Snake:4  | 29096 ||| DRINKING 7 potions of heal wounds.
 29097 | Snake:4  | 29097 ||| DRINKING 6 potions of heal wounds.
 29098 | Snake:4  | 29098 ||| READING 2 scrolls of teleportation.
 29098 | Snake:4  | Mangled by a naga warrior

Levels and vault maps discovered:
D:1:      scummos_arrival_hexagon, layout_basic, kennysheep_minor_cross
D:2:      layout_basic, serial_shops, shop, shapermc_ecumenical_altar_gd,
          grunt_ministairs_11, minmay_misc_feat_cross, uniq_natasha
D:3:      layout_loops_cross
D:4:      layout_loops_corners
D:5:      layout_basic, grunt_ministairs_2
D:6:      layout_rooms, nicolae_yredelemnul_corpse_copse,
          minmay_temple_entry_arrows, kennysheep_generic_room_10, uniq_menkaure
D:7:      layout_rooms, dreamdust_princess_bridge
D:8:      layout_rooms, kennysheep_nub, grunt_ministairs_7, chequers_jeans,
          uniq_psyche, uniq_joseph, uniq_prince_ribbit1, uniq_pikel, uniq_erica
D:9:      layout_long_grid, david_orc_3, minivault_5, grunt_tough_drop
D:10:     layout_gridville, marbit_many_paths,
          mainiacjoe_overflow_small_starburst, grunt_temple_overflow_open,
          erik_lair_dragon
D:11:     layout_cave_pools
D:12:     layout_roguey, gammafunk_ghost_abyssal_escape, gauntlet_entry_generic,
          kb_lookout_dungeons_type, uniq_gastronok
D:13:     nzn_winding_woodlands_stair_cross
          [nzn_winding_woodlands_5x15_longhouse,
          nzn_winding_woodlands_center_diamonds,
          nzn_winding_woodlands_5x15_jagged,
          nzn_winding_woodlands_5x5_checkerboard,
          nzn_winding_woodlands_hourglass, nzn_winding_woodlands_5x15_twine,
          nzn_winding_woodlands_center_garden,
          nzn_winding_woodlands_5x15_parted], layout_irregular_city,
          david_vaults_5, minmay_puff, uniq_snorg
D:14:     layout_loops_corners, uniq_frances
D:15:     gammafunk_depths_entry_grave, layout_irregular_city,
          minmay_misc_feat_columns, gammafunk_ghost_berserking_beasts,
          minmay_misc_feat_more_columns, uniq_jorgrun, uniq_josephine
Temple:   minmay_freezing_vapour_temple
Lair:1:   layout_roguey, kennysheep_snail_temple
Lair:2:   gammafunk_boulding_lane, layout_cave_pods,
          nicolae_swamp_entry_splash_gauntlet
Lair:3:   gammafunk_cloud_chamber, layout_loops_ring, enter_volcano_4,
          lemuel_old_faithful
Lair:4:   layout_regular_city, slime_entry_1
Lair:5:   minmay_lair_end_enchanted_forest, layout_gridlike
Swamp:1:  layout_basic_swamp, gammafunk_ghost_split,
          evilmike_swamp_ruin_rubble_2, hangedman_swamp_pad
Swamp:2:  nicolae_swamp_husk_halls, layout_basic_swamp, nicolae_swamp_stair_fork
Swamp:3:  layout_basic_swamp, evilmike_swamp_ruin_house_2,
          nicolae_swamp_nymph_family_reunion, infiniplex_staircase_pool,
          uniq_mara
Snake:1:  layout_concentric_octagons, nicolae_snake_dead_anacondas, uniq_nikola
Snake:2:  layout_chambers, special_room, serial_shops, shop,
          nicolae_snake_snake_lake
Snake:3:  layout_grid_maze, nicolae_snake_gridmaze_tees, st_stairs_11
Snake:4:  minmay_snake_end_coiled, layout_rooms, nicolae_snake_boneroom,
          uniq_mlioglotl
Orc:1:    layout_caves, kennysheep_orc_sif_temple
Orc:2:    grunt_orc_gardens, layout_caves, grunt_orc_garden, grunt_orc_garden,
          grunt_orc_garden, grunt_orc_garden, library_closet,
          nicolae_orc_crystal_geode

Skill      XL: |  1  2  3  4  5  6  7  8  9 10 11 12 13 14 15 16 17 |
---------------+----------------------------------------------------+-----
Unarmed Combat | 4 5 6 7 8 10 12 15 16 18 19 21 | 21.0
Dodging        | 1 2 3 |  3.0
Throwing       | 1 3 6 7 8 9 |  9.0
Fighting       | 3 4 5 6 7 8 9 10 | 10.0
Armour         | 1 2 3 |  3.0
Invocations    | 4 9 10 | 10.0
Shields        | 7 12 13 16 | 16.4
Spellcasting   | |  1.0
Fire Magic     | |  2.1

Action                   |  1- 3 |  4- 6 |  7- 9 | 10-12 | 13-15 | 16-18 || total
-------------------------+-------+-------+-------+-------+-------+-------++-------
Melee: Unarmed           |   103 |    94 |   162 |   315 |   700 |   611 ||  1985
       Punch             |     1 |       |     7 |    16 |    20 |       ||    44
       Kick              |       |     4 |    33 |    82 |   179 |   142 ||   440
Throw: Javelin           |       |    15 |    16 |    24 |     5 |       ||    60
       Boomerang         |       |       |    24 |    59 |    31 |       ||   114
       Large rock        |       |       |       |    63 |   119 |    49 ||   231
Invok: Fiery Armour      |       |     2 |     4 |     7 |       |       ||    13
       Heroism           |       |       |       |       |    51 |    41 ||    92
       Finesse           |       |       |       |       |    13 |     2 ||    15
  Use: Scroll            |     1 |     9 |     4 |    14 |     9 |     4 ||    41
       Potion            |     1 |     1 |     1 |     3 |     3 |     3 ||    12
 Stab: Distracted        |       |       |       |       |       |     1 ||     1
Armor: Robe              |    36 |    19 |    39 |       |       |       ||    94
       Steam dragon scal |       |       |    29 |   100 |   272 |   149 ||   550
Dodge: Dodged            |    38 |    25 |    93 |    76 |   226 |   153 ||   611
Block: Kite shield       |       |       |       |       |   227 |   221 ||   448
       Tower shield      |       |       |       |       |       |   175 ||   175

Table legend:
 A = Non-vault XP
 B = Vault XP
 C = Vault XP percentage of total XP
 D = Non-vault monster count
 E = Vault monster count
 F = Vault count percentage of total count
                 A         B        C        D         E       F
            +---------+---------+-------+---------+---------+-------
      Total |  191763 |   95254 |  33.2 |     634 |     237 |  27.2
            +---------+---------+-------+---------+---------+-------
        D:1 |      41 |       0 |   0.0 |      27 |       0 |   0.0
        D:2 |      32 |      37 |  53.6 |      13 |       3 |  18.8
        D:3 |      56 |       0 |   0.0 |      15 |       0 |   0.0
        D:4 |     119 |       0 |   0.0 |      15 |       0 |   0.0
        D:5 |     337 |      11 |   3.2 |      16 |       2 |  11.1
        D:6 |     524 |     534 |  50.5 |      19 |       9 |  32.1
        D:7 |    1995 |       0 |   0.0 |      27 |       0 |   0.0
        D:8 |     994 |    2968 |  74.9 |      17 |      18 |  51.4
        D:9 |    2432 |    1653 |  40.5 |      34 |      10 |  22.7
       D:10 |    2600 |    1181 |  31.2 |      13 |       6 |  31.6
       D:11 |    2904 |       0 |   0.0 |      12 |       0 |   0.0
       D:12 |    3597 |    1515 |  29.6 |      14 |       2 |  12.5
       D:13 |   11095 |   23997 |  68.4 |      21 |      42 |  66.7
       D:14 |   12242 |    1581 |  11.4 |      24 |       1 |   4.0
       D:15 |    6195 |    8838 |  58.8 |      12 |      14 |  53.8
     Lair:1 |    4359 |    1274 |  22.6 |      18 |       3 |  14.3
     Lair:2 |    4550 |    2192 |  32.5 |      15 |       5 |  25.0
     Lair:3 |    2863 |       0 |   0.0 |      11 |       0 |   0.0
     Lair:4 |    6271 |       0 |   0.0 |      20 |       0 |   0.0
     Lair:5 |   12511 |    9662 |  43.6 |      40 |      46 |  53.5
    Swamp:1 |   11293 |       0 |   0.0 |      20 |       0 |   0.0
    Swamp:2 |   12030 |    1106 |   8.4 |      26 |       2 |   7.1
    Swamp:3 |   12263 |    7647 |  38.4 |      21 |       5 |  19.2
    Snake:1 |   19017 |   11126 |  36.9 |      39 |      15 |  27.8
    Snake:2 |   15520 |       0 |   0.0 |      30 |       0 |   0.0
    Snake:3 |   34249 |    1891 |   5.2 |      70 |       4 |   5.4
    Snake:4 |    8196 |    8505 |  50.9 |      18 |      18 |  50.0
      Orc:1 |    1560 |     274 |  14.9 |      12 |       5 |  29.4
      Orc:2 |    1918 |    9262 |  82.8 |      15 |      27 |  64.3
            +---------+---------+-------+---------+---------+-------
